[Event "Early-Titled-Tuesday-Blitz-September-12-2023"]
[Site "Chess.com"]
[Date "2023.09.12"]
[Round "3"]
[White "DvaHrasta"]
[Black "DopplerCharlotteDeWitte"]
[Result "0-1"]
[WhiteElo "2483"]
[BlackElo "2674"]
[TimeControl "180+1"]
[EndTime "8:29:22 PDT"]
[Termination "DopplerCharlotteDeWitte won on time"]

1. c4 e5 2. g3 Nf6 3. Bg2 c6 4. Nf3 e4 5. Nd4 d5 6. cxd5 cxd5 7.
O-O Bc5 8. Nb3 Bb6 9. d3 O-O 10.
Nc3 h6 11. dxe4 dxe4 12. Nxe4 Nxe4 13. Bxe4 Nc6 14. Bf4 Qf6 15. Rb1 Re8 16. Bf3 Bf5 17.
e4 Bxe4 18. Bxe4 Rxe4 19. Qd6 Qxd6 20. Bxd6 Rd8 21. Bf4 Re2 22. h4 f6 23. h5 Rd5 24.
Kg2 Rxh5 25. Nc1 Rc2 26. a3 Rd5 27. b4 g5 28. b5 Na5 29. Bb8 Rd8 30. Bxa7 Bxa7 31.
b6 Bb8 32. Rb5 Nc6 33. Nb3 Rb2 34. a4 Rd7 35. Nc5 Rxb5 36. axb5 Rd5 37. bxc6 Rxc5 38. c7 Bxc7 39. bxc7 Rxc7 40. Rb1 Kf7 41. Rb6 h5 42.
Kf3 Kg6 43. Ke4 Re7+ 44. Kf3 g4+ 45. Kg2 Kf7 46. Kf1 Kg7 47. Kg2 Rf7 48. Kf1 Kf8 49. Ke2 Ke8 50. Ke3 Kd8 51. Kf4 Kc7 52. Rb5 f5 53. Kg5 Kc6 54. Rb1 b5 55. Kxh5 Kc5 56. Kg6 Rf8 57. Kg7 Rd8 58. Kf6 Rd5 59. Ke6 Rd2 60. Kxf5 Rd4 61. Rc1+ Rc4 62. Rf1 b4 63. f3 gxf3 64. Rxf3 Kd4 65. g4 Rc5+ 66. Kf6 Rc6+ 67. Kf5 Rc3 0-1

[Event "Early-Titled-Tuesday-Blitz-September-12-2023"]
[Site "Chess.com"]
[Date "2023.09.12"]
[Round "3"]
[White "karinachess1"]
[Black "gmcorrales"]
[Result "1-0"]
[WhiteElo "2613"]
[BlackElo "2842"]
[TimeControl "180+1"]
[EndTime "8:29:23 PDT"]
[Termination "karinachess1 won by checkmate"]

1. d4 Nf6 2. c4 g6 3. g3 Bg7 4.
Bg2 O-O 5. Nc3 c6 6. e4 d6 7. Nf3 Bg4 8. h3 Bxf3 9. Bxf3 Nbd7 10. O-O a5 11. Bg2 Ne8 12. Be3 Nc7 13. f4 Rb8 14. e5 c5 15. exd6 exd6 16. f5 Re8 17.
Bf2 gxf5 18. dxc5 dxc5 19. Qh5 Qf6 20. Rad1 Re7 21. g4 Qg6 22. Qxf5 Qxf5 23. gxf5 b6 24. Rfe1 Rxe1+ 25. Bxe1 Bd4+ 26. Bf2 Bxf2+ 27. Kxf2 Ne5 28. b3 Kf8 29. Rd6 Ne8 30. Rd5 f6 31. Nb5 Ke7 32. Rd1 Rd8 33. Rxd8 Kxd8 34. Ke3 Ke7 35. Be4 Nd6 36.
Nc3 Kf7 37. Nd5 Nd7 38. Nc3 Kg7 39. Kf4 Ne5 40. Nd5 Nc8 41. Nc7 Kf7 42. Nd5 Nd7 43.
Bc2 Ne7 44. Nc3 Nc6 45. Be4 Nd4 46. Nd5 Ne2+ 47. Ke3 Nc1 48. Bb1 Kg7 49. Kd2 Nxa2 50. Bxa2 Kh6 51. Ke3 Kg5 52. Bb1 Kh4 53. Nf4 Kg3 54.
Ke4 h6 55. Bc2 Ne5 56. Bd1 Nc6 57. Nd5 Kxh3 58. Nxf6 Kg3 59. Nh5+ Kf2 60. f6 Nd8 61. Ke5 Ke1 62. Bg4 Nf7+ 63. Ke6 Ng5+ 64. Ke7 Kd2 65.
Nf4 Kc3 66. Bd1 Kd2 67. Bh5 Kc2 68. Nd5 Kxb3 69. Nxb6 a4 70. Bd1+ Kb4 71. Nxa4 Ka5 72. Nxc5 Kb4 73. Ne6 Nh7 74. c5 Kc3 75. c6 Kd2 76.
Bh5 Nxf6 77. Kxf6 Ke3 78. c7 Ke4 79. c8=Q Ke3 80. Qc4 Kf2 81. Qe2+ Kg3 82. Qg4+ Kf2 83. Qe2+ Kg3 84. Qf3+ Kh2 85. Nf4 Kg1 86. Qg2# 1-0

[Event "Early-Titled-Tuesday-Blitz-September-12-2023"]
[Site "Chess.com"]
[Date "2023.09.12"]
[Round "3"]
[White "sergoy"]
[Black "KononenkoD"]
[Result "1-0"]
[WhiteElo "2926"]
[BlackElo "2585"]
[TimeControl "180+1"]
[EndTime "8:29:27 PDT"]
[Termination "sergoy won on time"]

1. d4 d5 2. c4 c6 3. Nf3 Nf6 4.
Nc3 e6 5. e3 Nbd7 6. Qc2 Bd6 7.
Bd3 dxc4 8. Bxc4 b5 9. Be2 O-O 10. O-O a6 11. Rd1 Qe7 12. a4 Bb7 13. e4 e5 14.
dxe5 Nxe5 15. Nd4 Bb4 16. Bg5 h6 17. Nf5 Qe6 18. Bxf6 Qxf6 19. axb5 cxb5 20. Nd5 Bxd5 21. Rxd5 Rfd8 22. Rad1 Rxd5 23. Rxd5 Rd8 24. g3 Kh7 25.
Ne3 g6 26. Kg2 Rxd5 27. Nxd5 Qd6 28. Qc8 Kg7 29. h4 h5 30. f4 Nd7 31. Nxb4 Qxb4 32. Qxd7 Qxe4+ 33. Kf2 b4 34. Qd3 Qc6 35. Qd4+ Kh7 36. Qxb4 Qe6 37. Qd4 Qc6 38. Bc4 Qh1 39. Bf1 Qb7 40. b4 Qc8 41. Qc4 Qd7 42. Bd3 a5 43.
bxa5 Qa7+ 44. Kg2 Qb7+ 45. Be4 Qa7 46. a6 Kg8 47. Bxg6 Qa8+ 48. Kh2 Kh8 49. Bxf7 Qd8 50. Qc3+ Kh7 51. a7 Qb6 52. Qd3+ Kg7 53. Qg6+ Qxg6 54. Bxg6 Kf6 55. a8=Q Kxg6 56. Qd5 Kf6 57. Qg5+ Kf7 58. Qxh5+ Ke7 59. Qg5+ Kf7 60. Qh6 Kg8 61. Qd6 Kf7 62. h5 Kg8 63. Qd7 Kh8 64. g4 Kg8 65. Kg2 Kf8 66.
Kf2 Kg8 67. Ke3 1-0

[Event "Early-Titled-Tuesday-Blitz-September-12-2023"]
[Site "Chess.com"]
[Date "2023.09.12"]
[Round "3"]
[White "grzechu96"]
[Black "Ducke13"]
[Result "1-0"]
[WhiteElo "2667"]
[BlackElo "2480"]
[TimeControl "180+1"]
[EndTime "8:29:28 PDT"]
[Termination "grzechu96 won by checkmate"]

1. e4 c5 2. Nf3 d6 3. Bb5+ Nd7 4. O-O a6 5. Bd3 Ngf6 6. Re1 g6 7. c3 Bg7 8. Bc2 c4 9. a4 O-O 10. Qe2 Qc7 11.
Na3 b5 12. axb5 Nb6 13. b3 cxb3 14. Bxb3 Nfd7 15. Bc2 Bb7 16. Bb2 Rfc8 17. d4 e5 18. Bb3 h6 19. h4 Nf6 20. Nd2 Kh7 21. Ra2 Nh5 22. g3 f5 23. exf5 Kh8 24. fxg6 Nf6 25.
dxe5 dxe5 26. Bc2 axb5 27. Ne4 Qc6 28. f3 Nxe4 29. Bxe4 Qc5+ 30. Qf2 Nc4 31. Qxc5 Rxc5 32. Bxb7 Ra7 33. Be4 Nxb2 34. Rxb2 Rxa3 35. Rd1 Bf6 36. Rd8+ Kg7 37. Rd7+ Kf8 38. Rf7+ Kg8 39. Rxf6 Rcxc3 40. Rd2 Ra1+ 41. Kf2 Rc8 42. Re6 b4 43. Rxe5 Rb8 44.
Bd5+ Kg7 45. Bb3 h5 46. Re3 Kxg6 47. Rd6+ Kg7 48. f4 Ra7 49. Red3 Rc7 50. Rd7+ Rxd7 51.
Rxd7+ Kf6 52. Rd3 Kf5 53. Kf3 Rc8 54. Rd5+ Kf6 55. Rd3 Rc7 56. Re3 Kg7 57. Be6 Rb7 58. Bb3 Rb6 59. g4 hxg4+ 60. Kxg4 Kh6 61. Re6+ Rxe6 62. Bxe6 Kg6 63. Bb3 Kf6 64. h5 Kg7 65. f5 Kh6 66. Kf4 Kxh5 67. Ke5 Kh6 68. Kf6 Kh7 69.
Kf7 Kh8 70. f6 Kh7 71. Ke8 Kg6 72. f7 Kh7 73. f8=Q Kg6 74. Bc2+ Kg5 75. Qf5+ Kh4 76. Qg6 b3 77. Bf5 b2 78. Qg4# 1-0

[Event "Early-Titled-Tuesday-Blitz-September-12-2023"]
[Site "Chess.com"]
[Date "2023.09.12"]
[Round "3"]
[White "BlueWizzard"]
[Black "Itk04"]
[Result "0-1"]
[WhiteElo "2967"]
[BlackElo "2751"]
[TimeControl "180+1"]
[EndTime "8:29:31 PDT"]
[Termination "Itk04 won on time"]

1. d4 Nf6 2. Nc3 d5 3. Nf3 g6 4.
g3 Bg7 5. Bg2 O-O 6. O-O c6 7.
h3 h5 8. Ne5 Bf5 9. Be3 Nfd7 10. f4 Qc8 11. Kh2 Nf6 12. a4 a5 13. Qe1 Na6 14. Qd2 Nc7 15. Bf2 Nce8 16. Nf3 Ne4 17. Nxe4 Bxe4 18. c4 dxc4 19. Ng5 Bxg2 20. Kxg2 Nd6 21.
Qc2 f6 22. Nf3 Qf5 23. Qxf5 gxf5 24. Rfc1 e6 25. Nd2 b5 26. b3 cxb3 27. Rxc6 b2 28. Rb1 bxa4 29. Rxb2 Rfb8 30. Ra2 Bf8 31. Kf3 Rb3+ 32.
e3 Nb5 33. Rxa4 Rb2 34. Nc4 Rb3 35. Nb6 Rd8 36. Kg2 Bb4 37. Rxe6 Nc3 38. Ra1 Rb2 39. Kf3 Ne4 40. Bg1 Kf7 41. Rc6 Nd2+ 42. Kg2 Nb3+ 43.
Kf3 Nxa1 44. g4 fxg4+ 45. hxg4 hxg4+ 46. Ke4 Rc2 47. Nc4 Nb3 48. Kf5 Rd5+ 49. Ke4 Rd7 50. Ne5+ fxe5 51. Rxc2 exd4 52. exd4 a4 53. Rc4 Rb7 54. Rc2 a3 55. d5 Bd6 56. Rh2 Kg6 57.
f5+ Kg7 58. Rg2 g3 59. Be3 Rb4+ 60. Kd3 Kf6 61. Kc3 Na5 62. Bc1 Rb3+ 63. Kd4 Kxf5 64.
Rg1 Rb4+ 65. Kc3 Rb3+ 66. Kd4 Rf3 67. Rh1 Nb3+ 68. Kc4 Nxc1 69. Rxc1 g2 70. Rg1 Rf2 71. Kb5 Bh2 72. d6 Bxg1 73. d7 Rd2 0-1

[Event "Early-Titled-Tuesday-Blitz-September-12-2023"]
[Site "Chess.com"]
[Date "2023.09.12"]
[Round "3"]
[White "jimmy-schlumpf"]
[Black "wqws"]
[Result "1-0"]
[WhiteElo "2321"]
[BlackElo "2681"]
[TimeControl "180+1"]
[EndTime "8:29:31 PDT"]
[Termination "jimmy-schlumpf won by checkmate"]

1. d4 Nf6 2. Nf3 g6 3. c4 Bg7 4. g3 O-O 5. Bg2 d6 6. O-O Nc6 7. Nc3 Rb8 8. b3 a6 9. Nd5 Bg4 10. Nxf6+ Bxf6 11. Bh6 Re8 12. d5 Bxf3 13. exf3 Nd4 14.
Re1 Nf5 15. Bf4 Bxa1 16. Qxa1 e5 17. dxe6 Rxe6 18. Rd1 Qe7 19. Bh3 Re8 20. Bxf5 Re1+ 21.
Kg2 gxf5 22. Bh6 Re5 23. f4 Qe6 24. fxe5 Qxh6 25. exd6 cxd6 26. Qd4 Re2 27. Qxd6 Qh5 28. Rd4 Re1 29. Qf6 Re8 30. Rd7 b5 31. c5 f4 32.
Qxf4 Qg6 33. Qd4 Qc6+ 34. Qd5 Qf6 35. c6 Re2 36. Rd8+ Kg7 37. Qd4 Rc2 38. Qxf6+ Kxf6 39. Rc8 Rxa2 40. c7 Rc2 41. Ra8 Rxc7 42. Rxa6+ Ke5 43. Rb6 Rc5 44. Kf3 Kd4 45. Rf6 Kc3 46. Rxf7 Kxb3 47.
Rxh7 b4 48. Rb7 Kc3 49. h4 b3 50. g4 b2 51. h5 Rc4 52. Rxb2 Kxb2 53. h6 Kc3 54. g5 Kd4 55. h7 Rc8 56. g6 Ke5 57.
g7 Rc3+ 58. Kg4 Rc4+ 59. Kg5 Rc1 60. h8=Q Rg1+ 61. Kh4 Rh1+ 62. Kg3 Rf1 63. Kf3 Rg1 64. g8=Q+ Kf5 65. Qxg1 Ke6 66. Qg5 Kf7 67. Qhh6 Ke8 68. Qgg7 Kd8 69. Qhh8# 1-0

[Event "Early-Titled-Tuesday-Blitz-September-12-2023"]
[Site "Chess.com"]
[Date "2023.09.12"]
[Round "3"]
[White "savitha1030"]
[Black "viktorskliarov"]
[Result "0-1"]
[WhiteElo "2475"]
[BlackElo "2657"]
[TimeControl "180+1"]
[EndTime "8:29:37 PDT"]
[Termination "viktorskliarov won by checkmate"]

1. Nf3 g6 2. g3 Bg7 3. Bg2 Nf6 4. O-O O-O 5. c4 c6 6. Nc3 d5 7. cxd5 cxd5 8. d4 Nc6 9. a3 Ne4 10. Bf4 Nxc3 11. bxc3 Bf5 12. Nh4 Be6 13. Rb1 Qd7 14.
Nf3 b6 15. Qa4 Rac8 16. Ng5 Nxd4 17. Qd1 Rxc3 18. e3 Nc6 19. Nxe6 fxe6 20. a4 Kh8 21. g4 e5 22. Bg3 e6 23. h4 Qf7 24. Rc1 Rxc1 25.
Qxc1 Na5 26. f4 exf4 27. Bxf4 Qd7 28. h5 e5 29. Bxe5 Rxf1+ 30. Qxf1 Qe7 31. Bxg7+ Kxg7 32. Qf4 g5 33. Qd4+ Qf6 34. Qxd5 h6 35. Be4 Kf8 36. Qa8+ Ke7 37. Qxa7+ Kd8 38. Qb8+ Ke7 39. Qc7+ Kf8 40. Qc8+ Ke7 41. Qc7+ Kf8 42. Bd5 Ke8 43. Qc8+ Ke7 44. Qc7+ Ke8 45. Kg2 Kf8 46. Qd7 Qb2+ 47. Kg3 Qe5+ 48.
Kf3 Qf6+ 49. Ke4 Qe7+ 50. Qe6 Qxe6+ 51. Bxe6 Nb7 52. Kd5 Nc5 53. Bf5 Nxa4 54. Kc6 Ke7 55. Bc2 Nc3 56. e4 Ke6 57. Kxb6 Ke5 58. Kc6 Nxe4 59.
Kd7 Nf2 60. Bf5 Kf4 61. Ke7 Nxg4 62. Bd7 Ne5 63. Bb5 g4 64. Kf6 g3 65. Bf1 Nf3 66. Kg6 Nh2 67. Bg2 Ng4 68. Bh3 Nf2 69. Bg2 Ng4 70. Bh3 Kf3 71. Bxg4+ Kxg4 72. Kxh6 g2 73. Kg6 g1=Q 74. h6 Qb6+ 75. Kg7 Kg5 76. h7 Qc7+ 77. Kg8 Kg6 78. h8=Q Qf7# 0-1

[Event "Early-Titled-Tuesday-Blitz-September-12-2023"]
[Site "Chess.com"]
[Date "2023.09.12"]
[Round "3"]
[White "TimofeevAr"]
[Black "JiaHaoxiang"]
[Result "1/2-1/2"]
[WhiteElo "2849"]
[BlackElo "2601"]
[TimeControl "180+1"]
[EndTime "8:29:41 PDT"]
[Termination "Game drawn - insufficient material"]

1. c4 Nf6 2. Nc3 c6 3. e4 e5 4. Nf3 d6 5. d4 exd4 6. Nxd4 g6 7. g3 Bg7 8. Bg2 O-O 9. O-O Nbd7 10. h3 Re8 11. Re1 Nc5 12. Bf4 Ne6 13. Be3 Nxd4 14. Bxd4 Be6 15. b3 Qa5 16. Rc1 Rad8 17. Qd3 Bc8 18.
Qf3 Nd7 19. Bxg7 Kxg7 20. Qe3 Qc5 21. Qd2 h5 22. Rcd1 Nf8 23. Na4 Qe5 24. f4 Qe7 25. Qd4+ Kg8 26. Qxa7 h4 27. Qf2 hxg3 28. Qxg3 Qf6 29.
Nc3 Ne6 30. Ne2 Nc5 31. Nd4 Kg7 32. b4 Na6 33. a3 Nc7 34. f5 g5 35. Nf3 Kh6 36. h4 gxh4 37. Qf4+ Kg7 38. Kh2 Rh8 39. Rg1 Kf8 40. Bh3 Ne8 41. Rg2 Ke7 42.
Qe3 Kf8 43. Rdg1 b5 44. c5 dxc5 45. Qxc5+ Qd6+ 46. Qxd6+ Nxd6 47. Re1 f6 48. Nd4 Bd7 49. e5 fxe5 50. Rxe5 Nc4 51. Re1 Re8 52. Ne6+ Bxe6 53.
fxe6 Rh7 54. Rf2+ Ke7 55. Ref1 Nd6 56. Rc1 Nc4 57. Bf1 Kd6 58. Bxc4 bxc4 59. Rd2+ Kc7 60. Rxc4 Rxe6 61. b5 Kb6 62. bxc6 Rxc6 63. Rb2+ Kc7 64.
Rxc6+ Kxc6 65. Rb4 Ra7 66. a4 Kc5 67. Rxh4 Kb6 68.
Kg3 Ka5 69. Kf2 Rb7 70. Ke3 Rb4 71. Rxb4 Kxb4 72. Kd4 Kxa4 1/2-1/2

[Event "Early-Titled-Tuesday-Blitz-September-12-2023"]
[Site "Chess.com"]
[Date "2023.09.12"]
[Round "3"]
[White "cedchass2006"]
[Black "BeautiFullMindChess"]
[Result "1-0"]
[WhiteElo "2427"]
[BlackElo "2187"]
[TimeControl "180+1"]
[EndTime "8:29:41 PDT"]
[Termination "cedchass2006 won on time"]

1. e4 c5 2. Nf3 d6 3. Bb5+ Bd7 4. Bxd7+ Nxd7 5. O-O Ngf6 6. Re1 Rc8 7. c3 e6 8. d4 cxd4 9. cxd4 d5 10. e5 Ne4 11. Nbd2 Nxd2 12. Bxd2 Be7 13. a3 O-O 14.
Rc1 Qb6 15. b4 Qa6 16. Qb3 Nb6 17.
Bg5 Bxg5 18. Nxg5 h6 19. Nf3 Rc4 20. Rxc4 Qxc4 21. Qxc4 Nxc4 22. a4 a5 23. bxa5 Nxa5 24.
g3 Nc4 25. Rb1 b6 26. Rb4 f6 27. exf6 gxf6 28. Kg2 Ra8 29. Ne1 e5 30. Nc2 Rc8 31.
Rb5 Rd8 32. dxe5 fxe5 33. Nb4 d4 34. Nc6 Rd6 35. Nxe5 Nxe5 36. Rxe5 d3 37. Re1 Rd4 38. Rd1 Kf7 39. Kf3 Ke6 40. Ke3 Rxa4 41. Rxd3 b5 42. Rd8 Ra6 43. Rb8 Ra5 44. Rb6+ Kd5 45. Rxh6 Ra3+ 46. Kf4 Ra2 47. f3 b4 48. h4 b3 49. Rb6 Kc4 50. h5 Kc3 51. h6 Ra4+ 52.
Kg5 Rb4 53. Rc6+ Kd2 54. Rd6+ Ke3 55. h7 Rb8 56. Rd1 Kxf3 57. Rc1 Kxg3 58. Rb1 Rb5+ 59.
Kg6 Rb6+ 60. Kf7 Rb7+ 61. Kg6 Rb6+ 62. Kf5 Rb5+ 63. Kf6 Rb6+ 64. Kf5 Rb5+ 65. Ke4 Rb4+ 66. Kd5 Rb8 67. Rxb3+ Rxb3 68. h8=Q Rf3 69. Qg7+ Kf2 70. Qh6 Ke2 71. Qh2+ Rf2 72. Qe5+ Kf1 73. Kd4 Re2 74. Qf4+ Ke1 75. Kd3 Kd1 76. Qf3 Kc1 77. Qxe2 Kb1 78. Kc3 1-0

[Event "Early-Titled-Tuesday-Blitz-September-12-2023"]
[Site "Chess.com"]
[Date "2023.09.12"]
[Round "3"]
[White "LamaChampetre"]
[Black "ljuks68"]
[Result "0-1"]
[WhiteElo "2249"]
[BlackElo "2450"]
[TimeControl "180+1"]
[EndTime "8:29:46 PDT"]
[Termination "ljuks68 won on time"]

1. d4 d5 2. c4 c6 3. Nf3 Nf6 4.
e3 e6 5. Qc2 dxc4 6. Bxc4 b5 7.
Bd3 Bb7 8. O-O Nbd7 9. e4 a6 10.
Be3 Rc8 11. Rd1 c5 12. dxc5 Bxc5 13. Bxc5 Rxc5 14. Qe2 Qc7 15. Nc3 O-O 16. a3 Ne5 17. Nxe5 Qxe5 18. Rac1 Rfc8 19. f3 h5 20. Rd2 h4 21.
Rcd1 Nh5 22. Qf2 Qg5 23. Ne2 Nf4 24. Nxf4 Qxf4 25. Bf1 R5c7 26. g3 hxg3 27. hxg3 Qe5 28. Rd8+ Rxd8 29. Rxd8+ Kh7 30. Qh2+ Kg6 31. Rh8 Kf6 32.
Qh4+ g5 33. Qh6+ Ke7 34. Qf8+ Kd7 35. Qe8+ Kd6 36. Qf8+ Kc6 37. Qe8+ Kb6 38. Qd8 Qxg3+ 39. Bg2 Qe5 40. b4 Qc3 41. Re8 Qc1+ 42. Kh2 Qf4+ 43. Kg1 Kc6 44. Rf8 Rd7 45. Qe8 Kc7 46. Rh8 Rd1+ 47.
Bf1 Rd2 48. Qxf7+ Kb6 49. Qxf4 gxf4 50. Rh7 Ra2 51. Re7 Rxa3 52. Rxe6+ Ka7 53. Kf2 Ra2+ 54. Be2 Rb2 55. Re7 Kb6 56. e5 Rxb4 57. e6 Bd5 58.
Rd7 Bxe6 59. Rd6+ Kc5 60. Rxe6 a5 61. Rf6 a4 62. Rf5+ Kb6 63. Rf6+ Ka5 64. Rf8 Rd4 65. Ra8+ Kb4 66. Rb8 Rd5 67. Ra8 a3 68. Ke1 Kb3 69.
Bd1+ Kb2 70. Be2 b4 71. Bc4 Rc5 72. Be6 b3 73. Rb8 Rc3 74. Ra8 Re3+ 75. Kd2 Rxe6 76. Rc8 a2 0-1

[Event "Early-Titled-Tuesday-Blitz-September-12-2023"]
[Site "Chess.com"]
[Date "2023.09.12"]
[Round "3"]
[White "FARIZA2018"]
[Black "yuki_chess123"]
[Result "1/2-1/2"]
[WhiteElo "2531"]
[BlackElo "2183"]
[TimeControl "180+1"]
[EndTime "8:30:19 PDT"]
[Termination "Game drawn by repetition"]

1. e4 g6 2. d4 Bg7 3. Nc3 c6 4. Be3 d5 5. e5 f6 6. f4 Nh6 7. Nf3 Bg4 8. Be2 O-O 9. O-O Nd7 10.
h3 Bxf3 11. Bxf3 Nf5 12. Bf2 fxe5 13. fxe5 e6 14. Qd3 c5 15. Rae1 cxd4 16. Bxd4 Nxd4 17.
Qxd4 Qb6 18. Qxb6 axb6 19. Bg4 Rxf1+ 20. Kxf1 Re8 21. Nxd5 exd5 22. Bxd7 Rxe5 23. Rxe5 Bxe5 24. Be6+ Kg7 25. b3 d4 26. Bd5 h5 27. Bxb7 h4 28. Ke2 Kf6 29. Kd3 Ke6 30. Kc4 Kd6 31. Kb5 Kc7 32. Be4 g5 33. a4 Bf4 34. b4 Bd2 35. a5 bxa5 36. bxa5 Kb8 37. Kb6 Be3 38. Bd3 Bf4 39. a6 Bc7+ 40. Kc6 Bf4 41. Kc5 Be5 42. Kd5 Bg7 43. Ke4 Bf6 44. Kf5 Bd8 45.
Ke5 Bb6 46. Be4 Ka7 47. Bb7 Bc5 48. Kf6 Bd6 49. Kxg5 Bg3 50. Kg4 Bf2 51. Kf3 Bg3 52. Ke4 Bf2 53. Kd3 Kb8 54. Kc4 Ka7 55. Kb5 Kb8 56.
Be4 Ka7 57. Bd3 Be3 58. Kc5 Bf2 59. Kd5 Kb6 60. Ke4 Ka7 61. Kf3 Bg3 62. Kg4 Bf2 63.
Kf4 Bg3+ 64. Kf3 Kb6 65. Ke2 Ka7 66. Bc4 Kb6 67. Kf3 Ka7 68. Ke4 Bf2 69. Kf3 Bg3 70. Be2 Kb6 71. Bd3 Ka7 72. Ke4 Bf2 73. Kd5 Kb6 74.
Kd6 Ka7 75. Kc7 Bg3+ 76. Kc6 Bf2 77. Kb5 Bg3 78. Kc5 Bf2 79. Kc4 Be3 80. Kd5 Bf2 81. Ke4 Kb6 82. Bc4 Ka7 83. Kd3 Kb6 84. Ke2 Bg3 85.
Kf3 Ka7 1/2-1/2

[Event "Early-Titled-Tuesday-Blitz-September-12-2023"]
[Site "Chess.com"]
[Date "2023.09.12"]
[Round "3"]
[White "alexrustemov"]
[Black "Grossboss19"]
[Result "0-1"]
[WhiteElo "2870"]
[BlackElo "2530"]
[TimeControl "180+1"]
[EndTime "8:30:38 PDT"]
[Termination "Grossboss19 won by resignation"]

1. d4 Nf6 2. c4 e6 3. Nf3 b6 4.
a3 Bb7 5. Nc3 d5 6. Bg5 Be7 7.
Bxf6 Bxf6 8. cxd5 exd5 9. Qa4+ c6 10. g3 O-O 11. Rd1 Re8 12. Bg2 b5 13. Qc2 Nd7 14.
O-O a6 15. e3 Rc8 16. Bh3 Rc7 17. Ne2 a5 18. Nf4 g6 19. Nd3 Nb6 20. b3 a4 21.
Nc5 axb3 22. Qxb3 Bc8 23. Bxc8 Qxc8 24. a4 Nxa4 25. Nxa4 bxa4 26. Qxa4 Qa8 27. Qxa8 Rxa8 28. Rd2 Be7 29. Rc2 f6 30. Rfc1 Ra6 31. Ne1 Kf7 32.
Nd3 Ke6 33. Kf1 Bd6 34. Ke2 Kd7 35. h3 Rb7 36. g4 Rab6 37. Ra1 Rb8 38. Ra7+ R6b7 39.
Rca2 Kc7 40. R7a6 Rb6 41. Rxb6 Rxb6 42. Ra7+ Rb7 43. Ra8 Rb8 44. Ra1 Rb7 45. h4 Kb8 46. Rh1 Ra7 47. h5 Ra2+ 48. Kf3 g5 49. Rb1+ Kc7 50. Nc1 Ra4 51. Ne2 Ra3 52. Nc1 c5 53. dxc5 Bxc5 54. Ke2 Bb6 55. Rb2 Ra4 56. Nd3 Rxg4 57.
Rc2+ Kd6 58. Rc8 Rh4 59. Rf8 Ke7 60. Rb8 Bc7 61. Rb7 Kd6 62. Ra7 Rxh5 63. Ra6+ Ke7 64. Nb4 g4 65. Ra7 Kd6 66. Ra6+ Ke7 67. Nc6+ Kd7 68.
Nd4 Be5 69. Ra7+ Kd6 70. Ra6+ Kc7 71. Ne6+ Kd7 72. Nc5+ Ke7 73. Ra7+ Kd6 74. Nb7+ Kc6 75. Nd8+ Kb6 76. Rb7+ Kc5 77. Ne6+ Kc6 78. Ra7 Rh2 79. Kf1 g3 80. fxg3 Bxg3 81. Rf7 Be5 82. Nf4 Kd6 83. Kg1 Bxf4 84. Rxf6+ Ke5 85. Rxf4 Re2 86. Rh4 Rxe3 87.
Kf2 Re4 88. Rxh7 Kd4 89. Rh1 Kc5 90. Kf3 Re7 91. Rc1+ Kb5 92. Rd1 Kc4 93. Rc1+ Kd4 94.
Rd1+ Kc5 95. Rc1+ Kd6 96. Rd1 Re8 97. Kf4 Re4+ 98. Kf3 Ke5 99. Kf2 d4 100. Re1 d3 101. Rxe4+ Kxe4 102. Kf1 Kf3 103. Ke1 Ke3 104. Kd1 d2 105.
Kc2 Ke2 0-1

[Event "Early-Titled-Tuesday-Blitz-September-12-2023"]
[Site "Chess.com"]
[Date "2023.09.12"]
[Round "3"]
[White "Kaua18"]
[Black "Byniolus"]
[Result "1/2-1/2"]
[WhiteElo "2510"]
[BlackElo "2795"]
[TimeControl "180+1"]
[EndTime "8:30:46 PDT"]
[Termination "Game drawn by 50-move rule"]

1. e4 d6 2. d4 Nf6 3. Nc3 c6 4. f4 Qb6 5. Nf3 Bg4 6. Bc4 e6 7. Bb3 d5 8. e5 Nfd7 9. Be3 c5 10. dxc5 Bxc5 11. Na4 Qb4+ 12. Bd2 Qe4+ 13. Qe2 Bxf3 14.
gxf3 Qxe2+ 15. Kxe2 Be7 16. c4 dxc4 17. Bxc4 Nc6 18.
Bc3 a6 19. f5 b5 20. fxe6 fxe6 21. Bxe6 bxa4 22. Rhg1 g6 23. Bxd7+ Kxd7 24. e6+ Kxe6 25. Bxh8 Rxh8 26. Rg4 Rb8 27. Re4+ Kf7 28. Rxa4 Rxb2+ 29. Ke3 a5 30. Rc1 Rb6 31. Rd1 g5 32. f4 Rb4 33. Rxb4 axb4 34. fxg5 Bxg5+ 35. Ke4 Be7 36. Rd7 h5 37. Kf5 h4 38. Rc7 Nd4+ 39. Ke5 Nf3+ 40.
Kf5 Nxh2 41. Rc2 Nf3 42. Rf2 Ne1 43. Rd2 Ke8 44. Kg4 b3 45. axb3 Kf7 46. Re2 Nd3 47.
Re4 Nc5 48. Rc4 Nxb3 49. Kh3 Ke6 50. Rxh4 Nc5 51. Rh6+ Kd7 52. Rh5 Ne6 53. Re5 Kd6 54.
Re1 Bf6 55. Kg4 Bd4 56. Kf5 Kd5 57. Rxe6 Bc5 58. Re4 Kc6 59. Re2 Bb6 60. Ke4 Kb7 61. Rc2 Ba7 62. Kd5 Ka8 63. Rb2 Bb8 64. Kc6 Ba7 65.
Rb1 Be3 66. Re1 Bf2 67. Re8+ Ka7 68. Re2 Bd4 69. Kc7 Ka8 70. Re8+ Ka7 71. Re4 Bb6+ 72. Kc6 Bd8 73. Ra4+ Kb8 74. Rb4+ Ka8 75. Rb7 Ba5 76. Rb1 Bd8 77. Rd1 Bf6 78. Kb6 Be7 79.
Rd7 Bg5 80. Rg7 Be3+ 81. Ka6 Bf4 82. Rg8+ Bb8 83. Rg7 Be5 84. Rh7 Bd6 85. Rd7 Bb8 86. Kb6 Bf4 87. Rd1 Be3+ 88. Kc7 Ba7 89. Kc8 Bb6 90. Rb1 Ba7 91. Rb7 Bc5 92. Rb8+ Ka7 93. Rb5 Bb6 94. Rb2 Ka6 95. Kd7 Kb7 96. Rb1 Ka7 97. Kc6 Bd4 98. Rb4 Be3 99. Ra4+ Kb8 100. Ra6 Bf2 101. Ra2 Bd4 102. Rd2 Be3 103. Rd3 Bf2 104. Rd8+ Ka7 105. Rf8 Bd4 106. Rf4 Be3 107. Re4 1/2-1/2

[Event "Early-Titled-Tuesday-Blitz-September-12-2023"]
[Site "Chess.com"]
[Date "2023.09.12"]
[Round "4"]
[White "MateusViageiro"]
[Black "tylityli"]
[Result "1-0"]
[WhiteElo "2130"]
[BlackElo "2296"]
[TimeControl "180+1"]
[EndTime "8:33:12 PDT"]
[Termination "MateusViageiro won by resignation"]

1. e4 e5 2. Nf3 Nc6 3. Bb5 a6 4. Ba4 Nf6 5. Bxc6 dxc6 6. d3 Bd6 7. Nbd2 Nd7 8. Nc4 O-O 9. Bd2 b5 10. Ne3 g6 11. Qe2 Qe7 12. h4 h5 13. g4 Nf6 14.
Nf5 hxg4 15. Nxe7+ Bxe7 16. Nxe5 1-0

[Event "Early-Titled-Tuesday-Blitz-September-12-2023"]
[Site "Chess.com"]
[Date "2023.09.12"]
[Round "4"]
[White "Keithonsky"]
[Black "Smiechu"]
[Result "0-1"]
[WhiteElo "2600"]
[BlackElo "2458"]
[TimeControl "180+1"]
[EndTime "8:33:16 PDT"]
[Termination "Smiechu won by resignation"]

1. d4 Nf6 2. Nc3 d5 3. Bf4 c5 4.
e3 Nc6 5. Nb5 e5 6. dxe5 a6 7.
exf6 axb5 8. Bxb5 Qa5+ 9. c3 Qxb5 10. Qxd5 Be6 11. Qg5 Qxb2 12. Rd1 Qxc3+ 0-1

[Event "Early-Titled-Tuesday-Blitz-September-12-2023"]
[Site "Chess.com"]
[Date "2023.09.12"]
[Round "4"]
[White "Alexei_Gubajdullin"]
[Black "Massakru"]
[Result "1-0"]
[WhiteElo "2615"]
[BlackElo "2405"]
[TimeControl "180+1"]
[EndTime "8:33:26 PDT"]
[Termination "Alexei_Gubajdullin won by resignation"]

1. d4 Nf6 2. Nf3 e6 3. Bf4 c5 4. e3 Nc6 5. Nbd2 b6 6. c3 Nh5 7. Bg5 Be7 8. Bxe7 Qxe7 9. Bd3 Bb7 10. O-O g6 11. Ne5 Nxe5 12. dxe5 O-O 13. Be4 Bc6 14.
Bxc6 dxc6 15. g4 Ng7 16. Ne4 Rad8 17. Qf3 h5 18. Nf6+ Kh8 19. Qf4 1-0

[Event "Early-Titled-Tuesday-Blitz-September-12-2023"]
[Site "Chess.com"]
[Date "2023.09.12"]
[Round "4"]
[White "Schattman"]
[Black "Goryachkina"]
[Result "1/2-1/2"]
[WhiteElo "2479"]
[BlackElo "2666"]
[TimeControl "180+1"]
[EndTime "8:33:28 PDT"]
[Termination "Game drawn by agreement"]

1. d4 Nf6 2. Bf4 e6 3. Nf3 Bd6 4. Bxd6 cxd6 5. Nbd2 O-O 6. e4 b6 7. Bd3 Ba6 8. Qe2 Bxd3 9. Qxd3 d5 10. e5 Ne8 11. c4 dxc4 12. Nxc4 Nc6 13. O-O Rc8 14.
Rfc1 h6 15. Qd2 d5 16. Ne3 1/2-1/2

[Event "Early-Titled-Tuesday-Blitz-September-12-2023"]
[Site "Chess.com"]
[Date "2023.09.12"]
[Round "4"]
[White "S-Fazulyanov"]
[Black "DavidLana1987"]
[Result "1-0"]
[WhiteElo "2471"]
[BlackElo "2602"]
[TimeControl "180+1"]
[EndTime "8:33:37 PDT"]
[Termination "S-Fazulyanov won by checkmate"]

1. e4 c5 2. Nf3 Nc6 3. d4 cxd4 4.
Nxd4 e5 5. Nb5 a6 6. N5c3 Nf6 7. Bg5 Bc5 8. Bc4 Qb6 9. Bxf6 gxf6 10. O-O Qxb2 11.
Qd5 Be7 12. Qxf7+ Kd8 13. Nd5 Qxa1 14. Nxe7 Nxe7 15. Qxf6 Re8 16. Qb6# 1-0

[Event "Early-Titled-Tuesday-Blitz-September-12-2023"]
[Site "Chess.com"]
[Date "2023.09.12"]
[Round "4"]
[White "LevonAronian"]
[Black "seopie"]
[Result "1-0"]
[WhiteElo "3042"]
[BlackElo "2833"]
[TimeControl "180+1"]
[EndTime "8:33:41 PDT"]
[Termination "LevonAronian won by resignation"]

1. e4 e5 2. Nf3 Nc6 3. Bc4 Nf6 4. Ng5 d5 5. exd5 Na5 6. Bb5+ c6 7. dxc6 bxc6 8. Be2 h6 9. Nh3 Bc5 10. d3 O-O 11.
O-O Bxh3 12. gxh3 Qd7 13. Nd2 Qxh3 14. Bf3 Rac8 15. Bg2 Qd7 16. Qf3 Rfe8 17. Bh3 Qe7 18.
Bxc8 Rxc8 19. Kh1 Nb7 20. Rg1 Nd6 21. Nb3 e4 22. Qg2 Nf5 23. Nxc5 Qxc5 24. dxe4 1-0